 Dungeon Crawl Stone Soup version 0.28-a0-662-g1651b1f1e0 (webtiles) character file.

Game seed: 12085408975690175755

1943 kae the Grappler (level 8, -1/82 HPs)
             Began as a Pale Draconian Transmuter on Oct 14, 2021.
             Was an Initiate of Ru.
             Slain by a gnoll sergeant (11 damage)
             ... on level 7 of the Dungeon.
             The game lasted 00:07:47 (7382 turns).

kae the Grappler (Pale Draconian Transmuter)        Turns: 7382, Time: 00:07:48

Health: -1/82      AC: 10    Str: 13    XL:     8   Next: 98%
Magic:  9/11       EV: 10    Int: 15    God:    Ru [......]
Gold:   729        SH:  0    Dex: 12    Spells: 4/12 levels left

rFire   x . .      SeeInvis +     - Unarmed
rCold   + + +      Faith    .   (shield currently unavailable)
rNeg    . . .      Spirit   .   (armour unavailable)
rPois   +          Reflect  .   (helmet currently unavailable)
rElec   .          Harm     .   (cloak currently unavailable)
rCorr   .          Rampage  .   (gloves currently unavailable)
Will    .....                   (boots currently unavailable)
Stlth   +.........              (no amulet)
HPRegen 0.23/turn               c - +4 ring of protection
MPRegen 0.12/turn               b - ring of see invisible

@: lethally poisoned (-1 -> -9), ice-form
A: freezing attack, amphibious, boosted hp, (breathe steam), AC +6, large,
unfitting armour, (cold-blooded), (steam resistance)
a: End Transformation, Renounce Religion


You were on level 7 of the Dungeon.
You worshipped Ru.
Ru was noncommittal.
You were a creature of crystalline ice.
You visited 2 branches of the dungeon, and saw 8 of its levels.
You also visited: Ossuary.

You collected 1161 gold pieces.
You spent 432 gold pieces at shops.

Inventory:

Missiles
 w - 2 throwing nets
Armour
 j - a +0 pair of boots (melded)
Jewellery
 b - a ring of see invisible (right front paw)
 c - a +4 ring of protection (left front paw)
 k - a ring of willpower
Wands
 f - a wand of paralysis (20)
Scrolls
 e - 4 scrolls of enchant weapon
 h - 3 scrolls of teleportation
 l - 3 scrolls of magic mapping
 m - 2 scrolls of enchant armour
 s - 2 scrolls of brand weapon
Potions
 a - 2 potions of lignification
 d - 4 potions of might
 g - a potion of attraction
 i - a potion of curing {unknown}
 n - a potion of brilliance {unknown}
 o - a potion of degeneration {unknown}
 p - a potion of heal wounds {unknown}
 q - a potion of magic {unknown}
 r - a potion of mutation {unknown}
 u - a potion of flight {unknown}
 v - a potion of invisibility {unknown}


   Skills:
 + Level 5.6 Fighting
 - Level 1.7 Dodging
 * Level 8.0 Unarmed Combat
 + Level 2.5 Spellcasting
 * Level 5.7 Transmutations
 - Level 4.0 Ice Magic
 - Level 2.0 Poison Magic


You had 4 spell levels left.
You knew the following spells:

 Your Spells              Type           Power      Damage    Failure   Level
a - Beastly Appendage     Tmut           38%        N/A       1%          1
b - Spider Form           Tmut/Pois      6%         N/A       13%         3
c - Ice Form              Ice/Tmut       16%        N/A       28%         4

Your spell library contained the following spells:

 Spells                   Type           Power      Damage    Failure   Level
 Wereblood                Tmut           19%        N/A       3%          2
 Portal Projectile        Hex/Tloc       2%         N/A       54%         3
 Leda's Liquefaction      Hex/Erth       0%         N/A       91%         4
 Blade Hands              Tmut           9%         N/A       50%         5
 Excruciating Wounds      Necr           0%         N/A       99%         5
 Lee's Rapid Deconstruct  Erth           0%         3d5*      99%         5
 Statue Form              Tmut/Erth      6%         N/A       100%        6


Dungeon Overview and Level Annotations

Branches:
Dungeon (7/15)             Temple (1/1) D:7         Ossuary (visited)

Altars:
Ashenzari
Cheibriados
Dithmenos
Elyvilon
Fedhas
Gozag
Hepliaklqana
Kikubaaqudgha
Makhleb
Nemelex Xobeh
Okawaru
Qazlal
Ru
Sif Muna
Trog
Uskayaw
Vehumet
Wu Jian
Xom
Yredelemnul
Zin
The Shining One

Shops:
D:7 (:


Innate Abilities, Weirdness & Mutations

You are a creature of crystalline ice.
You have a powerful freezing melee attack.
You are amphibious.
Your maximum health is increased.
Your armour is entirely melded.
You are incapable of wielding weapons or throwing items.
((You can breathe blasts of scalding, opaque steam.))
((Your pale cyan-grey scales are hard. (AC +6)))
You cannot fit into any form of body armour.
((You are cold-blooded and may be slowed by cold attacks.))
((You are immune to the effects of steam.))


Message History

You barely miss the gnoll sergeant.
The gnoll sergeant is moderately wounded.
You feel sick. The gnoll barely misses you.
The gnoll sergeant hits you with a +4 spear of venom.
You are more poisoned.
You hit the gnoll sergeant but do no damage.
The gnoll sergeant is moderately wounded.
You feel very sick. The gnoll hits you.
The gnoll sergeant hits you with a +4 spear of venom.
You hit the gnoll. You freeze the gnoll.
The gnoll is heavily wounded.
You feel very sick. The gnoll hits you but does no damage.
You hit the gnoll. You freeze the gnoll.
You kill the gnoll!
You feel sick.
The gnoll sergeant hits you with a +4 spear of venom.
You are more poisoned.
Your Unarmed Combat skill increases to level 8!
You hit the gnoll sergeant but do no damage.
The gnoll sergeant is moderately wounded.
You feel very sick. The hound closely misses you.
The gnoll sergeant hits you with a +4 spear of venom.
* * * LOW HITPOINT WARNING * * *
The hound bites you but does no damage.
You hit the gnoll sergeant. You freeze the gnoll sergeant.
The gnoll sergeant is heavily wounded.
You are no longer glowing.
You feel very sick.
The gnoll sergeant hits you with a +4 spear of venom.
* * * LOW HITPOINT WARNING * * *
The hound bites you.
* * * LOW HITPOINT WARNING * * *
You barely miss the gnoll sergeant.
The gnoll sergeant is heavily wounded.
You feel sick. The hound barely misses you.
The gnoll sergeant hits you with a +4 spear of venom!
You die...

###########
#.........#
#.........### ##
###.8....8....# ##.
#.....).......# #..
#..###Y.###...####
#.. #.
#(≈gh≈.##.....## ##.
# #.≈..≈.##.##...#
##.
#.≈..≈.##.#....###..
#.≈..≈.##.#.)...##..
#.≈..≈.##.......(..#
#.≈.!≈.###......#..'
##....## ##.....##.'
g..... #..#.....#


You could see a gnoll sergeant and a hound.

Vanquished Creatures
  Prince Ribbit (D:5)
  A water moccasin (D:6)
  A sky beast (D:7)
  2 necrophages
  A phantom (D:4)
  A kobold brigand (D:6)
  A bullfrog (D:5)
  2 scorpions (D:5)
  A gnoll sergeant (D:7)
  2 electric eels (D:7)
  A howler monkey (D:4)
  A bullfrog zombie (D:6)
  A hound (D:4)
  A jelly (D:6)
  2 gnoll shamans (D:7)
  2 orc priests (D:5)
  A bullfrog skeleton (D:7)
  Jessica (D:3)
  An iguana (D:6)
  2 orc wizards
  A hound zombie (D:5)
  A howler monkey zombie (D:5)
  8 mummies (Ossuary)
  Robin (D:3)
  3 howler monkey skeletons
  5 adders
  19 gnolls
  A white imp (D:7)
  An ufetubus (D:5)
  4 worms
  4 dart slugs
  17 orcs
  7 ball pythons
  3 endoplasms
  2 giant cockroaches
  A gnoll zombie (Ossuary)
  17 goblins
  9 hobgoblins
  5 jackals
  3 quokkas
  6 bats
  5 frilled lizards
  2 hobgoblin zombies (Ossuary)
  18 kobolds
  5 orc zombies (Ossuary)
  3 rats (D:1)
177 creatures vanquished.

Notes
Turn   | Place    | Note
-------+----------+-------------------------------------------
     0 | D:1      | kae the Draconian Transmuter began the quest for the Orb.
     0 | D:1      | Reached XP level 1. HP: 16/16 MP: 3/3
   275 | D:1      | Reached XP level 2. HP: 22/23 MP: 3/5
   859 | D:1      | Reached XP level 3. HP: 29/29 MP: 4/6
   863 | D:1      | Learned a level 3 spell: Spider Form
  1215 | D:2      | You fall into a shaft and drop 1 floor!
  1303 | D:3      | Found a glowing silver altar of Zin.
  1456 | D:2      | Reached skill level 1 in Poison Magic
  1623 | D:2      | Reached XP level 4. HP: 19/36 MP: 3/7
  1692 | D:1      | Reached skill level 4 in Unarmed Combat
  2466 | D:3      | Noticed Robin
  2577 | D:3      | Reached XP level 5. HP: 40/42 MP: 3/8
  2585 | D:3      | Killed Robin
  2725 | D:3      | Noticed Jessica
  2730 | D:3      | Killed Jessica
  2948 | D:3      | Learned a level 4 spell: Ice Form
  3020 | D:4      | Noticed a necrophage
  3044 | D:4      | Killed a necrophage
  3045 | D:4      | Reached skill level 1 in Ice Magic
  3045 | D:4      | Reached XP level 6. HP: 19/51 MP: 3/9
  3270 | D:4      | Reached skill level 5 in Unarmed Combat
  4012 | D:5      | Entered Level 5 of the Dungeon
  4128 | D:5      | Noticed Prince Ribbit
  4141 | D:5      | Killed Prince Ribbit
  4142 | D:5      | Your scales start taking on a pale cyan-grey colour.
  4142 | D:5      | Reached XP level 7. HP: 33/58 MP: 7/10
  4142 | D:5      | Gained mutation: You are immune to the effects of steam.
                  | [Pale Draconian growth]
  4393 | D:5      | Found a sand-covered staircase.
  4405 | Ossuary  | Entered an ossuary
  4585 | Ossuary  | Reached skill level 6 in Unarmed Combat
  5241 | D:5      | Reached XP level 8. HP: 64/67 MP: 7/11
  5856 | D:6      | Identified a scroll of acquirement
  5856 | D:6      | Acquired 445 gold pieces
  5869 | D:6      | Reached skill level 7 in Unarmed Combat
  5961 | D:6      | Reached skill level 5 in Fighting
  6337 | D:7      | Found Hiest's Book Shop.
  6346 | D:7      | Reached skill level 5 in Transmutations
  6475 | D:7      | Found Laynily's Antique Weapon Shop.
  6478 | D:7      | Bought a book of the Earth for 432 gold pieces
  6678 | D:7      | Found a staircase to the Ecumenical Temple.
  6769 | Temple   | Entered the Ecumenical Temple
  6929 | Temple   | Became a worshipper of Ru the Awakened
  7380 | D:7      | Reached skill level 8 in Unarmed Combat
  7382 | D:7      | Slain by a gnoll sergeant

Illustrated notes

Levels and vault maps discovered:
D:1:      lightli_arrival_quake, layout_loops_ring
D:2:      layout_loops_ring, minmay_quantized
D:3:      layout_rooms, zin_academy, minmay_misc_feat_room, fountainhead,
          kennysheep_jessica_study, uniq_robin
D:4:      layout_loops_cross
D:5:      layout_loops_ring, enter_ossuary_2, serial_park_tiny_1,
          kennysheep_nondescript, uniq_prince_ribbit1
D:6:      layout_cave_pools
D:7:      layout_cave_pools, minmay_temple_entry_glassed_door,
          serial_gnoll_camp, gnoll_camp_mini_doghouse, gnoll_camp_mini_hut,
          gnoll_camp_mini_shop, gnoll_camp_huts_moat, gnoll_camp_mini_hut,
          gnoll_camp_medium_01, serial_shops, shop, serial_bayou_pond_a,
          grunt_decor_one_mirror, uniq_crazy_yiuf_cottage
Temple:   kilobyte_greek_temple

Skill      XL: |  1  2  3  4  5  6  7  8 |
---------------+-------------------------+-----
Fighting       | 2 3 4 5 |  5.6
Poison Magic   | 1 2 |  2.0
Unarmed Combat | 4 5 6 8 |  8.0
Transmutations | 3 4 5 |  5.7
Ice Magic      | 1 3 4 |  4.0
Dodging        | |  1.7
Spellcasting   | |  2.5

Action                   |  1- 3 |  4- 6 |  7- 9 || total
-------------------------+-------+-------+-------++-------
Melee: Unarmed           |   106 |   212 |   164 ||   482
       Kick              |    15 |    14 |     2 ||    31
       Headbutt          |     9 |     9 |     1 ||    19
       Tailslap          |     5 |    13 |     3 ||    21
       Punch             |     1 |     1 |     1 ||     3
 Cast: Beastly Appendage |    22 |    13 |     4 ||    39
       Spider Form       |     1 |    13 |     8 ||    22
       Ice Form          |       |       |    11 ||    11
 Abil: Breathe Steam     |       |       |    16 ||    16
  Use: Scroll            |     4 |     5 |     4 ||    13
 Stab: Sleeping          |       |     1 |       ||     1
Armor: Skin              |    36 |    59 |    48 ||   143
Dodge: Dodged            |    69 |   145 |    83 ||   297

Table legend: (Time is in decaauts)
 A = Elapsed time spent in this place.
 B = Non-inter-level travel time spent in this place.
 C = Inter-level travel time spent in this place.
 D = Time resting spent in this place.
 E = Time spent auto-exploring this place.
 F = Levels seen in this place.
 G = Mean time per level.
                   A        B        C        D        E       F      G
               +--------+--------+--------+--------+--------+-----+--------+
         Total |   7342 |   7110 |    232 |    359 |   5395 |   9 |  815.8 |
       Dungeon |   6638 |   6443 |    195 |    359 |   4850 |   7 |  948.3 |
        Temple |    198 |    161 |     37 |      0 |    150 |   1 |  198.0 |
       Ossuary |    505 |    505 |      0 |      0 |    395 |   1 |  505.0 |
               +--------+--------+--------+--------+--------+-----+--------+

Top non-repeatable levels by time:
     D:1: 1332 daAuts
     D:5: 1219 daAuts
     D:4: 1058 daAuts
     D:2: 905 daAuts
     D:7: 838 daAuts
     D:3: 698 daAuts
     D:6: 585 daAuts
 Ossuary: 505 daAuts
  Temple: 198 daAuts
